 Dungeon Crawl Stone Soup version 0.30-a0-622-gddc90eaa04 (webtiles) character file.

Game seed: 2038703226727865988

72 bmack86 the Trooper (level 4, -3/41 HPs)
             Began as a Minotaur Fighter on Jan 10, 2023.
             Slain by a gnoll
             ... wielding a +0 halberd
              (12 damage)
             ... on level 2 of the Dungeon.
             The game lasted 00:03:35 (1119 turns).

bmack86 the Trooper (Minotaur Fighter)              Turns: 1119, Time: 00:03:36

Health: -3/41      AC:  9    Str: 22    XL:     4   Next: 7%
Magic:  3/3        EV:  7    Int:  5    God:
Gold:   76         SH:  4    Dex: 10    Spells: 3/3 levels left

rFire   . . .      SeeInvis .    a - +0 war axe
rCold   . . .      Faith    .    c - +0 buckler
rNeg    . . .      Spirit   .    f - +0 chain mail
rPois   .          Reflect  .    (helmet restricted)
rElec   .          Harm     .    (no cloak)
rCorr   .          Rampage  .    (no gloves)
Will    .....                    (no boots) Stlth
                                 (no amulet)
HPRegen 0.26/turn                (no ring)
MPRegen 0.08/turn                (no ring)

@: mighty
A: horns 2, retaliatory headbutt
a: no special abilities


You were on level 2 of the Dungeon.
You visited 1 branch of the dungeon, and saw 2 of its levels.

You collected 76 gold pieces.

Inventory:

Hand Weapons
 a - a +0 war axe (weapon)
Missiles
 i - 4 atropa-tipped darts (quivered)
Armour
 b - a +0 scale mail
 c - a +0 buckler (worn)
 f - a +0 chain mail (worn)
Scrolls
 e - a scroll of butterflies {unknown}
 g - a scroll of magic mapping
 j - a scroll of identify {unknown}
Potions
 d - 3 potions of might
 h - a potion of haste {unknown}


   Skills:
 * Level 4.4 Fighting
 * Level 3.6 Axes
 + Level 0.0 Throwing
 + Level 4.2 Armour
 + Level 4.1 Shields


You had 3 spell levels left.
You didn't know any spells.
Your spell library contained the following spells:

 Spells                   Type           Power      Damage    Failure   Level
 Necrotise                Necr           0%         1d4       99%         1
 Vampiric Draining        Necr           0%         2d6       100%        3
 Agony                    Necr           0%         N/A       100%        5


Dungeon Overview and Level Annotations

Branches:
Dungeon (2/15)

Altars:
Zin


Innate Abilities, Weirdness & Mutations

You have a pair of horns on your head.
You reflexively headbutt those who attack you in melee.


Message History

Found a stone staircase leading down.
There is a stone staircase leading down here.
Found an escape hatch in the floor.
A gnoll comes into view. It is wielding a +0 club.
The gnoll shouts!
You hear a shout! x3
A goblin comes into view.
It is wielding a +0 dagger. 2 gnolls come into view.
The goblin shouts!
The gnoll shouts!
The goblin unwields a +0 dagger.
The goblin wields a +0 sling.
The goblin shoots a sling bullet.
The sling bullet barely misses you.
The goblin unwields a +0 sling.
The goblin wields a +0 dagger.
The goblin hits you but does no damage.
A gnoll comes into view. It is wielding a +0 club.
The gnoll shouts!
The goblin hits you but does no damage.
You closely miss the goblin.
The gnoll hits you from afar with a +0 halberd!
You block the goblin's attack. The gnoll hits you but does no damage.
You barely miss the goblin. You block the goblin's attack.
The gnoll closely misses you. The goblin hits you but does no damage.
You hit the goblin.
The goblin is heavily wounded.
The gnoll hits you from afar with a +0 halberd.
The goblin hits you with a +0 dagger.
You feel very mighty all of a sudden.
The gnoll hits you from afar with a +0 halberd.
The goblin hits you but does no damage.
You barely miss the goblin.
The goblin is heavily wounded.
The gnoll hits you from afar with a +0 halberd!
* * * LOW HITPOINT WARNING * * *
The goblin hits you but does no damage. The gnoll hits you but does no damage.
You closely miss the goblin. Your headbutt misses the goblin.
The goblin is heavily wounded.
The goblin hits you but does no damage. The gnoll closely misses you.
The goblin hits you but does no damage.
You slash the goblin!
You kill the goblin!
The gnoll hits you from afar with a +0 halberd!
You die... . ##. #.. #g# #### #g## #... #gg

###... #)## #.....
#@.##########.....
##................
############>...#
#....# #....#
#....# ######


You could see 4 gnolls.

Vanquished Creatures
  An orc priest (D:2)
  A dart slug (D:1)
  3 orcs (D:2)
  4 bats
  2 endoplasms (D:1)
  3 giant cockroaches (D:1)
  6 goblins
  2 hobgoblins
  2 jackals (D:1)
  6 kobolds
  A quokka (D:1)
  2 ball pythons (D:1)
  A frilled lizard (D:1)
  A rat (D:1)
35 creatures vanquished.

Notes
Turn   | Place    | Note
-------+----------+-------------------------------------------
     0 | D:1      | bmack86 the Minotaur Fighter began the quest for the Orb.
     0 | D:1      | Reached XP level 1. HP: 19/19 MP: 0/0
    62 | D:1      | Reached XP level 2. HP: 26/27 MP: 1/1
    70 | D:1      | You fall into a shaft and drop 1 floor!
    77 | D:2      | Found a faded altar of an unknown god.
   540 | D:1      | Reached XP level 3. HP: 33/33 MP: 2/2
   602 | D:2      | Found a glowing silver altar of Zin.
   751 | D:2      | Reached XP level 4. HP: 40/41 MP: 3/3
  1119 | D:2      | Slain by a gnoll

Illustrated notes

Levels and vault maps discovered:
D:1:      scummos_arrival_gate, layout_basic, kennysheep_crisscross,
          moated_statue, minmay_surrounded
D:2:      minmay_kobold_bridge, layout_basic, ebering_ecumenical_altar_hall,
          serial_forest, infiniplex_forest_straight_4,
          infiniplex_forest_straight_1, infiniplex_forest_lined_1,
          infiniplex_forest_straight_2, infiniplex_forest_clump_double,
          infiniplex_forest_clump_diagonal, infiniplex_forest_end_3,
          infiniplex_forest_lined_2, basic_altar, grunt_decor_clamped

Skill      XL: |  1  2  3 |
---------------+----------+-----
Fighting       | 4 |  4.4
Axes           | 3 |  3.6
Armour         | 4 |  4.2
Shields        | 4 |  4.1

Action                   |  1- 3 |  4- 6 || total
-------------------------+-------+-------++-------
Melee: War axe           |    48 |    12 ||    60
       Headbutt          |     1 |       ||     1
Throw: Dart              |     3 |       ||     3
  Use: Scroll            |     1 |       ||     1
       Potion            |       |     1 ||     1
Armor: Scale mail        |    14 |       ||    14
       Chain mail        |    30 |    13 ||    43
Dodge: Dodged            |    24 |     4 ||    28
Block: Buckler           |    17 |     6 ||    23

Table legend: (Time is in decaauts)
 A = Elapsed time spent in this place.
 B = Non-inter-level travel time spent in this place.
 C = Inter-level travel time spent in this place.
 D = Time resting spent in this place.
 E = Time spent auto-exploring this place.
 F = Levels seen in this place.
 G = Mean time per level.
                   A        B        C        D        E       F      G
               +--------+--------+--------+--------+--------+-----+--------+
         Total |   1140 |   1129 |     11 |      0 |    738 |   2 |  570.0 |
       Dungeon |   1140 |   1129 |     11 |      0 |    738 |   2 |  570.0 |
               +--------+--------+--------+--------+--------+-----+--------+

Top non-repeatable levels by time:
     D:2: 604 daAuts
     D:1: 535 daAuts
